 Dungeon Crawl Stone Soup version 0.28.0-53-g5a82cb258f (webtiles) character file.

Game seed: 5263412611443886127

3600 DemonSlayer the Firebug (level 9, 0/62 HPs)
             Began as a Demonspawn Fire Elementalist on July 21, 2022.
             Was an Initiate of Cheibriados.
             Slain by a yak (11 damage)
             ... on level 8 of the Dungeon.
             The game lasted 00:22:04 (9198 turns).

DemonSlayer the Firebug (DsFE)                      Turns: 9198, Time: 00:22:05

Health: 0/62       AC:  6    Str: 10    XL:     9   Next: 85%
Magic:  9/20       EV: 16    Int: 22    God:    Cheibriados [......]
Gold:   210        SH:  5    Dex: 14    Spells: 4/23 levels left

rFire   + + .      SeeInvis .   i - +1 short sword (vorpal)
rCold   . . .      Faith    .   o - +1 buckler
rNeg    . . .      Spirit   .   r - +2 leather armour {rF+}
rPois   .          Reflect  .   (helmet restricted)
rElec   .          Harm     .   (no cloak)
rCorr   .          Rampage  .   l - +0 pair of gloves
Will    +....                   (no boots)
Stlth   ++........              (no amulet)
HPRegen 1.00/turn               g - +4 ring of evasion
MPRegen 0.34/turn               (no ring)

@: very slow
A: antennae 2, hooves 2, magic regeneration, demonic magic 1, weakness stinger
2, fire resistance 1, strong-willed 1, regeneration 1
a: Renounce Religion


You were on level 8 of the Dungeon.
You worshipped Cheibriados.
Cheibriados was noncommittal.
You visited 2 branches of the dungeon, and saw 9 of its levels.

You collected 426 gold pieces.
You spent 216 gold pieces at shops.

Inventory:

Hand Weapons
 i - a +1 vorpal short sword (weapon)
Armour
 l - a +0 pair of gloves (worn)
 o - a +1 buckler (worn)
 r - a +2 leather armour of fire resistance (worn)
Jewellery
 g - a +4 ring of evasion (left hand)
Wands
 b - a wand of polymorph (10)
 d - a wand of iceblast (4)
 h - a wand of charming (6)
Scrolls
 f - 2 scrolls of amnesia
 j - 2 scrolls of teleportation
 m - a scroll of silence
 p - 3 scrolls of enchant armour
 q - a scroll of brand weapon
Potions
 c - 2 potions of mutation
 e - 2 potions of curing
 s - a potion of cancellation


   Skills:
 + Level 2.3 Fighting
 + Level 2.8 Short Blades
 + Level 2.0 Armour
 + Level 3.9 Dodging
 + Level 4.4 Stealth
 + Level 1.3 Shields
 + Level 7.5 Spellcasting
 + Level 3.1 Conjurations
 + Level 0.2 Hexes
 + Level 7.8 Fire Magic
 + Level 0.7 Evocations


You had 4 spell levels left.
You knew the following spells:

 Your Spells              Type           Power      Damage    Failure   Level
a - Foxfire               Conj/Fire      100%       2x1d9     1%          1
b - Scorch                Fire           86%        2d9       1%          2
c - Conjure Flame         Conj/Fire      32%        6-21      4%          3
d - Flame Wave            Conj/Fire      32%        2d8       14%         4
e - Slow                  Hex            36%        N/A       13%         1
f - Ensorcelled Hibernat  Hex/Ice        16%        N/A       21%         2
g - Confusing Touch       Hex            9%         N/A       36%         3
h - Mephitic Cloud        Conj/Pois/Air  12%        N/A       26%         3

Your spell library contained the following spells:

 Spells                   Type           Power      Damage    Failure   Level
 Magic Dart               Conj           88%        1d7       3%          1
 Inner Flame              Hex/Fire       26%        N/A       8%          3
 Call Imp                 Summ           8%         N/A       22%         2
 Passwall                 Tmut/Erth      6%         N/A       22%         2
 Gell's Gravitas          Tloc           8%         N/A       38%         3
 Swiftness                Air            8%         N/A       38%         3
 Teleport Other           Tloc           8%         N/A       38%         3
 Vampiric Draining        Necr           8%         2d6       38%         3
 Dispersal                Tloc           4%         N/A       100%        6


Dungeon Overview and Level Annotations

Branches:
Dungeon (8/15)             Temple (1/1) D:5
   Lair: D:8-11

Altars:
Ashenzari
Cheibriados
Dithmenos
Elyvilon
Fedhas
Gozag
Hepliaklqana
Kikubaaqudgha
Makhleb
Nemelex Xobeh
Okawaru
Qazlal
Ru
Sif Muna
Uskayaw
Vehumet
Wu Jian
Xom
Yredelemnul
Zin
The Shining One

Shops:
D:1 (   D:8 [?(

Portals:
Abyss: D:6

Annotations:
D:6 2 transporters, SanguineChosen's ghost, novice GrFi


Innate Abilities, Weirdness & Mutations

You have a pair of antennae on your head.
You have hoof-like feet.
You regenerate magic rapidly.
Spells you cast may paralyse adjacent enemies.
You have a tail ending in a sharp stinger.
Your flesh is heat resistant. (rF+)
You are strong-willed. (Will+)
Your natural rate of healing is unusually fast.


Message History

You are too injured to fight recklessly!
You barely miss the yak. You kick the yak.
The yak is moderately wounded.
The yak gores you!
* * * LOW HITPOINT WARNING * * *
You hit the yak. Your kick misses the yak. You tail-slap the yak.
The yak is heavily wounded.
The yak gores you.
* * * LOW HITPOINT WARNING * * *
You hit the yak. You kick the yak, but do no damage.
Your tail-slap misses the yak.
The yak is heavily wounded.
The yak completely misses you.
You barely miss the yak. You kick the yak. You tail-slap the yak.
The yak is severely wounded.
The yak gores you but does no damage.
You hit the yak but do no damage.
You tail-slap the yak, but do no damage.
The yak is severely wounded.
The yak misses you.
You barely miss the yak. You tail-slap the yak.
The yak is severely wounded.
The yak misses you.
You hit the yak but do no damage. Your kick misses the yak.
You tail-slap the yak, but do no damage.
The yak is severely wounded.
The yak gores you!
* * * LOW HITPOINT WARNING * * *
You barely miss the yak.
The yak is severely wounded.
You block the yak's attack.
You hit the yak. You kick the yak. You tail-slap the yak.
You kill the yak!
Cheibriados appreciates the change of pace.
You feel better. The yak gores you!
* * * LOW HITPOINT WARNING * * *
You hit the yak but do no damage. You kick the yak.
The yak is moderately wounded.
The yak gores you!
You die...

#.(# #..# #..#
#.†# #..#
#..#######
#........#
#........#Y#
#.....####.#@#
#.#.#. #.#.# #
#.#. #.#.# #.##
#.#.# #.#.# #
#.#.# # ###
####.#.# # #)#
#......# ####
##.#####......#
#...


You could see a yak.

Vanquished Creatures
  Pikel (D:7)
  Joseph (D:7)
  5 yaks (D:8)
  Menkaure (D:6)
  A water moccasin (D:8)
  Duvessa (D:5)
  A sky beast (D:7)
  The ghost of bchevrier the Nimble, an amateur GnWn (D:3)
  2 necrophages
  An ogre (D:6)
  3 centaurs
  3 phantoms
  A kobold brigand (D:7)
  2 scorpions
  Dowan (D:5)
  A howler monkey (D:5)
  A bullfrog zombie (D:5)
  An orc priest (D:5)
  2 hounds
  2 centaur skeletons (D:5)
  2 jellies
  2 iguanas
  Ijyb (D:5)
  4 orc wizards
  2 howler monkey zombies
  4 gnolls (D:4)
  8 adders
  2 ufetubi
  3 dart slugs
  18 orcs
  A ball python (D:4)
  7 endoplasms
  5 giant cockroaches
  8 hobgoblins (D:2)
  10 jackals
  13 kobolds
  2 quokkas (D:2)
  4 bats
  3 frilled lizards (D:3)
  11 goblins
  A rat (D:3)
143 creatures vanquished.

Vanquished Creatures (collateral kills)
  53 foxfires (D:3)
53 creatures vanquished.

Vanquished Creatures (others)
  277 foxfires
277 creatures vanquished.

Grand Total: 473 creatures vanquished

Notes
Turn   | Place    | Note
-------+----------+-------------------------------------------
     0 | D:1      | DemonSlayer the Demonspawn Fire Elementalist began the
                  | quest for the Orb.
     0 | D:1      | Reached XP level 1. HP: 13/13 MP: 3/3
    29 | D:1      | Found Kabugir's Weapon Boutique.
   536 | D:1      | Discovered your monstrous ancestry.
   536 | D:1      | Gained mutation: You have a small tail. [demonic ancestry]
   536 | D:1      | Reached XP level 2. HP: 19/19 MP: 0/5
   543 | D:1      | Learned a level 2 spell: Scorch
   749 | D:1      | Found a faded altar of an unknown god.
  1864 | D:2      | Gained mutation: You regenerate magic rapidly. [demonic
                  | ancestry]
  1864 | D:2      | Reached XP level 3. HP: 25/25 MP: 0/6
  2793 | D:2      | Learned a level 3 spell: Conjure Flame
  2840 | D:3      | Gained mutation: You have a pair of small antennae on your
                  | head. [demonic ancestry]
  2840 | D:3      | Reached XP level 4. HP: 28/31 MP: 0/7
  3031 | D:3      | Found a runed translucent gate.
  3032 | D:3      | Found a runed translucent gate.
  3033 | D:3      | Found a runed translucent gate.
  3035 | D:3      | Noticed bchevrier's ghost (amateur GnWn)
  3134 | D:3      | Found a hazy altar of Hepliaklqana.
  3150 | D:3      | Identified the +3 plate armour of Fun and Games {rF+ rN+}
  3177 | D:3      | Gained mutation: You have a pair of antennae on your head.
                  | [demonic ancestry]
  3177 | D:3      | Reached XP level 5. HP: 31/36 MP: 1/9
  3916 | D:4      | Reached skill level 1 in Short Blades
  4192 | D:4      | Found a stormy altar of Qazlal.
  4205 | D:4      | Noticed a water elemental
  4205 | D:4      | Noticed a fire elemental
  4206 | D:4      | Noticed an air elemental
  4259 | D:4      | Gained mutation: You are strong-willed. (Will+) [potion of
                  | mutation]
  4259 | D:4      | Gained mutation: Your natural rate of healing is unusually
                  | fast. [potion of mutation]
  4259 | D:4      | Gained mutation: Your flesh is heat resistant. (rF+)
                  | [potion of mutation]
  4268 | D:4      | Reached skill level 1 in Fighting
  4274 | D:4      | Gained mutation: You have large cloven feet. [demonic
                  | ancestry]
  4274 | D:4      | Reached XP level 6. HP: 9/43 MP: 10/10
  4515 | D:5      | Entered Level 5 of the Dungeon
  4664 | D:5      | Found a staircase to the Ecumenical Temple.
  4704 | D:5      | Gained mutation: You have hoof-like feet. [demonic
                  | ancestry]
  4704 | D:5      | Reached XP level 7. HP: 41/48 MP: 8/13
  4906 | D:5      | Noticed Duvessa
  4906 | D:5      | Noticed Dowan
  4920 | D:5      | Reached skill level 5 in Fire Magic
  4967 | D:5      | HP: 2/48 [Duvessa/+1 rapier of protection (15)]
  5059 | D:5      | Noticed Ijyb
  5497 | D:6      | Found a transporter.
  5505 | D:6      | Noticed a hell hog
  5508 | D:6      | Noticed an ancient zyme
  5527 | D:6      | Noticed SanguineChosen's ghost (novice GrFi)
  5656 | D:6      | Gained mutation: Spells you cast may paralyse adjacent
                  | enemies. [demonic ancestry]
  5656 | D:6      | Reached XP level 8. HP: 18/54 MP: 15/15
  5698 | D:6      | Noticed Menkaure
  5701 | D:6      | Killed Menkaure
  5702 | D:6      | Reached skill level 5 in Spellcasting
  5734 | D:6      | Found a basalt altar of Yredelemnul.
  5877 | D:6      | Found a transporter.
  6077 | D:6      | Found a one-way gate to the infinite horrors of the Abyss.
  6244 | D:6      | Learned a level 4 spell: Flame Wave
  6246 | D:6      | Learned a level 1 spell: Slow
  6249 | D:6      | Learned a level 2 spell: Ensorcelled Hibernation
  6253 | D:6      | Learned a level 3 spell: Confusing Touch
  6746 | D:5      | Killed Ijyb
  6984 | Temple   | Entered the Ecumenical Temple
  7192 | Temple   | Became a worshipper of Cheibriados the Contemplative
  7614 | D:3      | Killed bchevrier's ghost
  7885 | D:5      | Killed Dowan
  8212 | D:5      | Killed Duvessa
  8456 | D:7      | Noticed Pikel
  8470 | D:7      | Killed Pikel
  8471 | D:7      | Reached skill level 1 in Armour
  8471 | D:7      | Reached skill level 1 in Shields
  8471 | D:7      | Gained mutation: You have a tail ending in a sharp stinger.
                  | [demonic ancestry]
  8471 | D:7      | Reached XP level 9. HP: 61/61 MP: 16/18
  8526 | D:7      | Noticed Joseph
  8708 | D:7      | Killed Joseph
  8933 | D:7      | Learned a level 3 spell: Mephitic Cloud
  8982 | D:8      | Found Lucouga's Weapon Shoppe.
  9035 | D:8      | Found Xypn's Magic Scroll Boutique.
  9064 | D:8      | Bought a scroll of teleportation for 36 gold pieces
  9064 | D:8      | Bought a scroll of enchant armour for 90 gold pieces
  9064 | D:8      | Bought a scroll of enchant armour for 90 gold pieces
  9098 | D:8      | Found Izek's Armour Shoppe.
  9198 | D:8      | Slain by a yak

Illustrated notes

Levels and vault maps discovered:
D:1:      erik_arrival_orb_chamber, layout_loops_ring, serial_shops, shop,
          dreamdust_ecumenical_altar_grove, serial_bayou_pond_b,
          roderic_lattice_a, minmay_pentomino_t2
D:2:      cheibrodos_greedy_goblins, layout_basic, st_stairs_9
D:3:      layout_loops_cross, old_standard_altar, ebering_ghost_rock_garden,
          minmay_hedge_maze
D:4:      layout_rooms, nicolae_qazlal_style_of_elements, minmay_box_of_dots
D:5:      layout_basic, minmay_temple_entry_overgrown,
          kennysheep_generic_room_7, uniq_duvessa, uniq_ijyb
D:6:      layout_basic, yredelemnul_altar_generic,
          gammafunk_ghost_abyssal_escape, uniq_menkaure
D:7:      layout_basic, uniq_joseph, uniq_pikel
D:8:      layout_basic, serial_shops, nicolae_shop_advertising_works
          [nicolae_subvault_shop_adworks], shop, shop_statue
Temple:   eino_narrow_crystal_temple

Skill      XL: |  1  2  3  4  5  6  7  8  9 |
---------------+----------------------------+-----
Fire Magic     | 3 4 5 6 7 |  7.8
Stealth        | 2 3 4 |  4.4
Dodging        | 2 3 |  3.9
Spellcasting   | 3 4 6 7 |  7.5
Conjurations   | 2 3 |  3.1
Short Blades   | 1 2 |  2.8
Fighting       | 1 2 |  2.3
Armour         | 1 2 |  2.0
Shields        | 1 |  1.3
Hexes          | |  0.2
Evocations     | |  0.7

Action                   |  1- 3 |  4- 6 |  7- 9 || total
-------------------------+-------+-------+-------++-------
Melee: Unarmed           |    15 |       |       ||    15
       Punch             |     2 |     2 |       ||     4
       Short sword       |    51 |   133 |   104 ||   288
       Tailslap          |     5 |    24 |    14 ||    43
       Kick              |       |     7 |    31 ||    38
 Cast: Foxfire           |    71 |   127 |     1 ||   199
       Scorch            |       |    16 |   116 ||   132
       Slow              |       |       |     3 ||     3
       Conjure Flame     |       |       |     2 ||     2
Evoke: Wand              |       |       |     5 ||     5
  Use: Potion            |       |     7 |     3 ||    10
       Scroll            |       |       |    12 ||    12
 Stab: Sleeping          |     2 |     2 |     2 ||     6
       Paralysed         |       |       |    12 ||    12
       Fleeing           |       |       |     1 ||     1
Armor: Robe              |    15 |    10 |     4 ||    29
       Skin              |       |       |    28 ||    28
       Leather armour    |       |       |     9 ||     9
Dodge: Dodged            |    89 |    71 |    95 ||   255
Block: Buckler           |       |    13 |    35 ||    48
